 Dungeon Crawl Stone Soup version 0.26.0-10-g1f06aea511 (webtiles) character file.

Game seed: 11187058375291671296

6634 MisterFreud the Destroyer (level 10, -4/76 HPs)
             Began as a Demonspawn Conjurer on Feb 6, 2021.
             Killed from afar by an orc wizard (9 damage)
             ... with a magic dart
             ... on level 8 of the Dungeon.
             The game lasted 00:32:30 (13347 turns).

MisterFreud the Destroyer (Demonspawn Conjurer)    Turns: 13347, Time: 00:32:30

Health: -4/76      AC:  4    Str:  9    XL:     10   Next: 72%
Magic:  12/19      EV: 13    Int: 22    God:
Gold:   426        SH:  4    Dex: 11    Spells: 16/21 levels left

rFire    . . .     SeeInvis .   f - +0 dagger (venom)
rCold    . . .     Faith    .   K - +0 buckler {rPois}
rNeg     . . .     Spirit   .   a - +0 robe
rPois    +         Reflect  .   (no helmet)
rElec    .         Harm     .   (no cloak)
rCorr    .         Rampage  .   (no gloves)
Will     .....                  (no boots)
Stlth    ++........             o - amulet of regeneration
HPRegen  0.62/turn              c - ring of poison resistance
MPRegen  0.16/turn              (no ring)

@: mighty
A: talons 2, yellow scales 1, powered by pain 1
a: no special abilities


You were on level 8 of the Dungeon.
You visited 2 branches of the dungeon, and saw 10 of its levels.
You also visited: Sewer.

You collected 426 gold pieces.

Inventory:

Hand Weapons
 f - a +0 dagger of venom (weapon)
 E - a +2 short sword of draining
Missiles
 b - 45 poisoned darts
 j - 18 boomerangs
 F - 2 throwing nets
 G - 2 curare-tipped darts
Armour
 a - a +0 robe (worn)
 K - a +0 buckler of poison resistance (worn)
Jewellery
 c - a ring of poison resistance (left hand)
 o - an amulet of regeneration (around neck)
Wands
 v - a wand of polymorph (27)
 D - a wand of paralysis (9)
 I - a wand of iceblast (9)
Scrolls
 d - 3 scrolls of remove curse {unknown}
 e - 10 scrolls of identify
 i - 3 scrolls of fear {unknown}
 k - 5 scrolls of teleportation {unknown}
 l - a scroll of noise {unknown}
 m - 3 scrolls of immolation {unknown}
 s - a scroll of magic mapping {unknown}
 y - a scroll of enchant weapon {unknown}
 H - a scroll of torment {unknown}
 J - a scroll of summoning {unknown}
Potions
 g - 2 potions of cancellation
 h - 3 potions of lignification
 n - 2 potions of invisibility
 p - 2 potions of curing
 q - 3 potions of haste
 r - a potion of might {unknown}
 t - 2 potions of flight
 u - a potion of magic {unknown}
 w - a potion of attraction {unknown}
 x - a potion of brilliance {unknown}
 z - a potion of heal wounds
 A - a potion of berserk rage {unknown}
 B - a potion of mutation {unknown}
 C - 2 potions of degeneration {unknown}


   Skills:
 - Level 6.0 Fighting
 + Level 5.1 Short Blades
 - Level 4.0 Dodging
 - Level 4.0 Stealth
 - Level 4.0 Shields
 - Level 6.0 Spellcasting
 - Level 8.0 Conjurations
 - Level 8.0 Hexes


You had 16 spell levels left.
You knew the following spells:

 Your Spells              Type           Power        Failure   Level
a - Magic Dart            Conj           100%         1%          1
b - Fulminant Prism       Conj/Hex       20%          3%          4

Your spell library contained the following spells:

 Spells                   Type           Power        Failure   Level
 Corona                   Hex            45%          1%          1
 Searing Ray              Conj           82%          1%          2
 Dazzling Flash           Conj/Hex       82%          1%          3
 Animate Skeleton         Necr           12%          9%          1
 Apportation              Tloc           12%          9%          1
 Summon Small Mammal      Summ           24%          9%          1
 Iskenderun's Mystic Bla  Conj/Tloc      24%          17%         4


Dungeon Overview and Level Annotations

Branches:
Dungeon (9/15)             Temple (1/1) D:5           Sewer (visited)
   Lair: D:8-11         Orc: D:9-12

Altars:
Ashenzari
Cheibriados
Dithmenos
Elyvilon
Fedhas
Gozag
Hepliaklqana
Kikubaaqudgha
Makhleb
Nemelex Xobeh
Okawaru
Qazlal
Ru
Sif Muna
Trog
Uskayaw
Vehumet
Wu Jian
Xom
Yredelemnul
Zin
The Shining One

Annotations:
D:2 2 transporters
D:6 3 runed translucent doors, IHuginn's ghost, novice GrFi


Innate Abilities, Weirdness & Mutations

You have razor-sharp toenails.
You are partially covered in yellow scales. (AC +2)
You sometimes gain a little power by taking damage.


Message History

The wyvern is severely wounded.
You block the wyvern's attack. Something hits you.
* * * LOW HITPOINT WARNING * * *
The wyvern barely misses you.
Your fulminant prism explodes!
The blast of energy engulfs the orc warrior!
The orc warrior is almost dead.
You barely miss the wyvern.
The wyvern is severely wounded.
The wyvern misses you. Something hits you.
* * * LOW HITPOINT WARNING * * *
You hit the orc warrior but do no damage.
You claw the orc warrior.
You kill the orc warrior!
The wyvern bites you!
* * * LOW HITPOINT WARNING * * *
You hear some strange, mumbled words.
A magic dart appears from out of thin air!
The magic dart hits you!
You die...

# #####........######..#.##..#
#######.......<.......##.#.###.##
..##..................##.#.# #...
#.##......#................######
#..............>...<...[.........
#..#.......####........)....#####
...#.......# #[.............# #
#.##.......# #l{)....[..<...####
...........# #.@..............##
..##.......############.....##.##
#.##.............................
#.########.###########.......#...
#..#######.# #........###
.......#...# #......)..##
.........### ##.....##...
.......### ############...###...
.......# #..........#.........


You could see a wyvern (very poisoned).

Vanquished Creatures
  Erolcha (D:9)
  Joseph (D:6)
  Maggie (D:7)
  A tengu conjurer (D:8)
  Sigmund (D:6)
  A water moccasin (D:4)
  Duvessa (D:7)
  4 orc warriors
  A sky beast (D:7)
  3 ice beasts
  8 ogres
  A necrophage (D:9)
  4 centaurs
  4 big kobolds
  2 gnoll sergeants (D:4)
  5 bullfrogs
  3 scorpions
  A water moccasin skeleton (D:4)
  Dowan (D:7)
  A howler monkey (D:8)
  A bullfrog zombie (D:8)
  A quasit (D:4)
  2 bullfrog skeletons
  4 gnoll shamans
  5 hounds
  2 jellies
  6 orc priests
  5 iguanas
  7 orc wizards
  6 worker ants
  2 hound zombies (D:5)
  A hound skeleton (D:4)
  54 gnolls
  17 adders
  A shadow imp (D:4)
  A white imp (D:6)
  An ufetubus (D:6)
  3 oozes (Sewer)
  An adder skeleton (D:3)
  5 worms
  A dart slug (D:1)
  7 leopard geckos
  45 orcs
  6 ball pythons
  13 giant cockroaches
  8 goblins
  9 hobgoblins
  14 jackals (D:4)
  7 quokkas
  9 bats
  4 frilled lizards
  12 kobolds
  A leopard gecko skeleton (D:4)
  A leopard gecko zombie (D:5)
  17 rats
324 creatures vanquished.

Vanquished Creatures (others)
  21 fulminant prisms
  13 plants
34 creatures vanquished.

Grand Total: 358 creatures vanquished

Notes
Turn   | Place    | Note
-------+----------+-------------------------------------------
     0 | D:1      | MisterFreud the Demonspawn Conjurer began the quest for the
                  | Orb.
     0 | D:1      | Reached XP level 1. HP: 13/13 MP: 3/3
   497 | D:1      | Gained mutation: You have sharp toenails. [demonic
                  | ancestry]
   497 | D:1      | Reached XP level 2. HP: 19/19 MP: 1/5
  1224 | D:1      | Reached skill level 5 in Conjurations
  1236 | D:1      | Gained mutation: You are partially covered in yellow
                  | scales. (AC +2) [demonic ancestry]
  1236 | D:1      | Reached XP level 3. HP: 24/24 MP: 0/6
  1452 | D:2      | Found a transporter.
  1452 | D:2      | Found an opulent altar of Gozag.
  1452 | D:2      | Found a transporter.
  1677 | D:2      | Found a sparkling altar of Nemelex Xobeh.
  1867 | D:2      | Found a sacrificial altar of Ru.
  2683 | D:2      | Gained mutation: You have razor-sharp toenails. [demonic
                  | ancestry]
  2683 | D:2      | Reached XP level 4. HP: 30/30 MP: 3/7
  2744 | D:2      | Found a hazy altar of Hepliaklqana.
  2971 | D:3      | Found a faded altar of an unknown god.
  3149 | D:3      | Found a burning altar of Makhleb.
  3315 | D:3      | Gained mutation: You sometimes gain a little power by
                  | taking damage. [demonic ancestry]
  3315 | D:3      | Reached XP level 5. HP: 35/35 MP: 2/8
  3365 | D:3      | Found a radiant altar of Vehumet.
  3999 | D:4      | Noticed an ogre
  4006 | D:4      | Killed an ogre
  4064 | D:4      | Found a glowing drain.
  4097 | D:4      | Reached XP level 6. HP: 41/41 MP: 6/9
  4116 | Sewer    | Entered a sewer
  4540 | Sewer    | Reached skill level 1 in Fighting
  4698 | D:4      | Reached XP level 7. HP: 43/49 MP: 5/13
  5564 | D:4      | Learned a level 4 spell: Fulminant Prism
  5920 | D:4      | Noticed Grinder
  5930 | D:4      | Noticed Grinder
  5930 | D:4      | Grinder changed into Grinder the quasit
  5957 | D:4      | Killed Grinder the quasit
  5958 | D:4      | Reached skill level 1 in Hexes
  6020 | D:4      | Reached XP level 8. HP: 54/60 MP: 10/14
  6461 | D:4      | Found a snail-covered altar of Cheibriados.
  6461 | D:4      | Found a bloodstained altar of Trog.
  6948 | D:5      | Entered Level 5 of the Dungeon
  7708 | D:4      | Reached skill level 5 in Hexes
  8177 | D:5      | Reached skill level 1 in Shields
  8177 | D:5      | Reached XP level 9. HP: 65/65 MP: 10/15
  8538 | D:5      | Found a staircase to the Ecumenical Temple.
  8588 | Temple   | Entered the Ecumenical Temple
  8735 | D:5      | Found a stormy altar of Qazlal.
  9436 | D:6      | Found a hide-covered altar of Uskayaw.
  9440 | D:6      | Noticed a +0 dagger
  9443 | D:6      | Noticed a +0 dagger
  9571 | D:6      | Noticed Sigmund
  9581 | D:6      | Killed Sigmund
  9739 | D:6      | Found a runed translucent gate.
  9739 | D:6      | Found a runed translucent gate.
  9741 | D:6      | Found an opulent altar of Gozag.
  9741 | D:6      | Found a runed translucent gate.
  9743 | D:6      | Noticed IHuginn's ghost (novice GrFi)
  9931 | D:6      | Found a white marble altar of Elyvilon.
 10083 | D:5      | Reached skill level 5 in Fighting
 10693 | D:7      | Noticed Maggie
 10707 | D:7      | Noticed Duvessa
 10712 | D:7      | Killed Maggie
 10712 | D:7      | Noticed Joseph
 10788 | D:7      | Noticed Dowan
 10940 | D:7      | HP: 3/69 [Joseph/sling bullet (13)]
 11074 | D:6      | Killed Joseph
 11075 | D:6      | Reached XP level 10. HP: 21/76 MP: 4/16
 11181 | D:7      | Killed Dowan
 11541 | D:7      | Killed Duvessa
 12080 | D:8      | Reached skill level 5 in Spellcasting
 12571 | D:8      | Reached skill level 1 in Short Blades
 12983 | D:9      | Noticed Erolcha
 13018 | D:9      | Killed Erolcha
 13177 | D:9      | Reached skill level 5 in Short Blades
 13347 | D:8      | Killed from afar by an orc wizard

Illustrated notes

Levels and vault maps discovered:
D:1:      dpeg_arrival_ratfight, layout_basic
D:2:      layout_loops_ring, nzn_hepliaklqana_mist_gate,
          nicolae_ru_sacrificial_ziggurat, nemelex_xobeh_ov_fountains_minmay,
          gammafunk_temple_overflow_arena, minmay_quantized
D:3:      layout_loops_ring, vehumet_crystals, makhleb_heckhound_becter,
          chequers_ecumenical_altar_simple
D:4:      lemuel_castle_with_subvaults [lemuel_castle_interior_original],
          layout_loops_corners, gammafunk_temple_overflow_elements,
          gup_sewer_entry_glass, uniq_grinder
D:5:      layout_basic, minmay_temple_entry_overgrown, basic_altar,
          lexackson_kobold_supper
D:6:      layout_basic, dancing_weapons_uskayaw, lemuel_coloured_pillars_altar,
          ebering_ghost_gozag, uniq_sigmund
D:7:      layout_loops_cross, uniq_joseph, uniq_duvessa, uniq_maggie
D:8:      minmay_clustersquares, layout_rooms, lemuel_flame_loot_1
D:9:      layout_irregular_city, hiddenorc1_lemuel, basic_altar,
          trog_three_pillars_becter, uniq_erica, uniq_erolcha
Temple:   nicolae_temple_hex_pool

Skill      XL: |  1  2  3  4  5  6  7  8  9 10 |
---------------+-------------------------------+-----
Conjurations   | 5 6 7 8 |  8.0
Dodging        | 2 4 |  4.0
Spellcasting   | 4 6 |  6.0
Fighting       | 1 4 6 |  6.0
Hexes          | 1 6 7 8 |  8.0
Shields        | 1 4 |  4.0
Stealth        | 4 |  4.0
Short Blades   | 5 |  5.1

Action                   |  1- 3 |  4- 6 |  7- 9 | 10-12 || total
-------------------------+-------+-------+-------+-------++-------
Melee: Unarmed           |     4 |       |       |       ||     4
       Dagger            |    26 |    73 |   462 |   201 ||   762
       Kick              |     5 |    13 |    93 |    40 ||   151
 Cast: Magic Dart        |   108 |   101 |   351 |    72 ||   632
       Fulminant Prism   |       |       |     8 |    13 ||    21
Evoke: Wand              |       |       |     1 |       ||     1
  Use: Scroll            |       |       |     6 |       ||     6
       Potion            |       |       |     2 |       ||     2
Armor: Robe              |    11 |    26 |   115 |    18 ||   170
Dodge: Dodged            |    31 |    57 |   363 |   133 ||   584
Block: Buckler           |       |       |    19 |    50 ||    69
